 Dungeon Crawl Stone Soup version 0.31-a0-188-g5e087ee2ca (webtiles) character file.

Game seed: 8867825148232943407

11 qw the Shooter (level 2, 0/16 HPs)
             Began as a Deep Elf Hunter on June 23, 2023.
             Slain by a jackal (3 damage)
             ... on level 1 of the Dungeon.
             The game lasted 00:00:05 (149 turns).

qw the Shooter (Deep Elf Hunter)                     Turns: 149, Time: 00:00:05

Health: 0/16       AC:  3    Str:  8    XL:     2   Next: 13%
Magic:  4/4        EV: 12    Int: 13    God:
Gold:   26         SH:  0    Dex: 18    Spells: 1/1 levels left

rFire   . . .        a - +0 shortbow
rCold   . . .        (shield currently unavailable)
rNeg    . . .        c - +0 leather armour
rPois   .            (no helmet)
rElec   .            (no cloak)
rCorr   .            (no gloves)
SInv    .            (no boots)
Will    .....        (no amulet)
Stlth   ++           (no ring)
HPRegen 0.22/turn    (no ring)
MPRegen 0.09/turn

%: no passive effects
@: no status effects
A: no striking features
a: no special abilities


You were on level 1 of the Dungeon.
You visited 1 branch of the dungeon, and saw 1 of its levels.

You collected 26 gold pieces.


   Skills:
 - Level 1.5 Fighting
 + Level 6.0 Ranged Weapons
 - Level 2.4 Dodging
 - Level 1.2 Stealth


You had one spell level left.
You didn't know any spells.
Your spell library was empty.

Inventory:

Hand Weapons
 a - a +0 shortbow (weapon)
Armour
 c - a +0 leather armour (worn)
 d - a +0 cloak
Scrolls
 b - a scroll of butterflies
 e - a scroll of fog {unknown}

Dungeon Overview and Level Annotations

Branches:
Dungeon (1/15)

Altars:


Message History

The jackal is heavily wounded.
The jackal barely misses you. The jackal closely misses you.
The jackal bites you. The jackal closely misses you.
You shoot an arrow. The arrow hits the jackal.
You kill the jackal!
The jackal closely misses you.
The jackal bites you but does no damage.
The jackal barely misses you.
Your Ranged Weapons skill increases to level 6!
You shoot an arrow. The arrow closely misses the jackal.
The jackal closely misses you. x2; The jackal barely misses you.
The jackal bites you but does no damage.
The jackal misses you. The jackal closely misses you.
You shoot an arrow. The arrow closely misses the jackal.
The jackal barely misses you. The jackal completely misses you.
The jackal misses you.
The endoplasm hits you but does no damage.
The jackal closely misses you. The jackal barely misses you. x2
You shoot an arrow.
The arrow hits the jackal but does no damage.
The jackal is heavily wounded.
The jackal bites you. The jackal barely misses you.
The jackal closely misses you. The endoplasm misses you. The jackal bites you.
You shoot an arrow. The arrow hits the jackal.
You kill the jackal!
The jackal closely misses you. The endoplasm closely misses you.
The jackal bites you but does no damage.
The jackal bites you.
You shoot an arrow. The arrow closely misses the jackal.
The jackal barely misses you.
The jackal bites you but does no damage.
The endoplasm barely misses you. The jackal bites you.
The jackal closely misses you.
You shoot an arrow. The arrow closely misses the jackal.
The endoplasm freezes you.
You are frozen.
The jackal bites you. The jackal closely misses you.
The endoplasm barely misses you.
You shoot an arrow. The arrow closely misses the jackal.
The jackal bites you. The jackal barely misses you. The jackal bites you. x2
You die...

..............
.........#####
.....#####
........### ####
..........##
#....
...........##
##...##
.....###....###
......$ .....#
###....###.......
.....#
##.....@h......
######
##...J.h......
###..........
####.......
....... .###...
.# ... .# ..


You could see an endoplasm and 2 jackals.

Vanquished Creatures
  A dart slug (D:1)
  2 endoplasms (D:1)
  2 hobgoblins (D:1)
  2 jackals (D:1)
7 creatures vanquished.

Notes
Turn   | Place    | Note
-------+----------+-------------------------------------------
     0 | D:1      | qw the Deep Elf Hunter began the quest for the Orb.
     0 | D:1      | Reached XP level 1. HP: 12/12 MP: 3/3
     0 | D:1      | 0 ||| qw: Version: 0.3-a-9-g12657ce
     0 | D:1      | 0 ||| qw: Game counter: 4367
     0 | D:1      | 0 ||| qw: Always use a shield: true
     0 | D:1      | 0 ||| qw: God list: Okawaru
     0 | D:1      | 0 ||| qw: Allow faded altars: false
     0 | D:1      | 0 ||| qw: Do Orc after D:15 true
     0 | D:1      | 0 ||| qw: Do second Lair branch before Depths: true
     0 | D:1      | 0 ||| qw: Lair rune preference: random
     0 | D:1      | 0 ||| qw: Plans: Normal
     0 | D:1      | 0 ||| PLANNING D:1-11
   129 | D:1      | Reached XP level 2. HP: 16/16 MP: 4/4
   143 | D:1      | Reached skill level 6 in Ranged Weapons
   149 | D:1      | HP: 4/16 [jackal (3)]
   149 | D:1      | Slain by a jackal

Levels and vault maps discovered:
D:1:      dpeg_arrival_more_subterranean_lakeside_camping, layout_basic,
          serial_curves, eino_curves_04, eino_curves_02

Skill      XL: |  1  2 |
---------------+-------+-----
Ranged Weapons | 6 |  6.0
Fighting       | |  1.5
Dodging        | |  2.4
Stealth        | |  1.2

Action                     || total
---------------------------++-------
   Fire: Shortbow          ||    31
 Armour: Leather armour    ||     8
  Dodge: Dodged            ||    34

Table legend:
 A = Non-vault XP
 B = Vault XP
 C = Vault XP percentage of total XP
 D = Non-vault monster count
 E = Vault monster count
 F = Vault count percentage of total count
                 A         B        C        D         E       F
            +---------+---------+-------+---------+---------+-------
      Total |      16 |       0 |   0.0 |       7 |       0 |   0.0
            +---------+---------+-------+---------+---------+-------
        D:1 |      16 |       0 |   0.0 |       7 |       0 |   0.0
            +---------+---------+-------+---------+---------+-------
